 Dungeon Crawl Stone Soup version 0.28-a0-828-g0121872642 (webtiles) character file.

Game seed: 5024114954083978296

58 croobank the Caller (level 3, 0/14 HPs)
             Began as a Felid Summoner on Nov 10, 2021.
             Slain by an adder (1 damage)
             ... on level 2 of the Dungeon.
             The game lasted 00:19:15 (3874 turns).

croobank the Caller (Felid Summoner)                Turns: 3874, Time: 00:19:16

Health: 0/14       AC:  1    Str:  7    XL:     3   Next: 76%
Magic:  8/8        EV: 17    Int: 16    God:
Gold:   63         SH:  0    Dex: 16    Spells: 7/8 levels left
                                        Lives:  0   Deaths: 0

rFire   . . .      SeeInvis +     - Unarmed
rCold   + . .      Faith    .   (shield unavailable)
rNeg    . . .      Spirit   .   (armour unavailable)
rPois   .          Reflect  .   (helmet unavailable)
rElec   .          Harm     .   (cloak unavailable)
rCorr   .          Rampage  .   (gloves unavailable)
Will    .....                   (boots unavailable)
Stlth   ++........              (no amulet)
HPRegen 0.04/turn               e - ring of protection from cold
MPRegen 0.11/turn               (no ring)

@: quick
A: very small, claws 1, fangs 3, see invisible, speed 1, shaggy fur 1, stealthy
paws, no weapons or thrown items, no armour, multi-lived, strong 1
a: no special abilities


You were on level 2 of the Dungeon.
You visited 1 branch of the dungeon, and saw 3 of its levels.

You collected 63 gold pieces.

Inventory:

Missiles
 a - 120 stones
Jewellery
 e - a ring of protection from cold (left paw)
Scrolls
 d - 2 scrolls of magic mapping
Potions
 h - a potion of curing {unknown}


   Skills:
 + Level 2.9 Dodging
 + Level 2.9 Stealth
 + Level 1.0 Unarmed Combat
 + Level 3.0 Spellcasting
 + Level 4.5 Summonings


You had 7 spell levels left.
You knew the following spells:

 Your Spells              Type           Power      Damage    Failure   Level
a - Summon Small Mammal   Summ           64%        N/A       3%          1

Your spell library contained the following spells:

 Spells                   Type           Power      Damage    Failure   Level
 Call Imp                 Summ           16%        N/A       4%          2
 Call Canine Familiar     Summ           16%        N/A       9%          3
 Summon Guardian Golem    Hex/Summ       9%         N/A       22%         3
 Summon Lightning Spire   Summ/Air       9%         N/A       58%         4


Dungeon Overview and Level Annotations

Branches:
Dungeon (3/15)

Altars:

Annotations:
D:2 Robin, Terence


Innate Abilities, Weirdness & Mutations

You have sharp claws.
You have razor-sharp teeth.
You have supernaturally acute eyesight. (SInv)
You cover ground quickly. (Speed+)
You are covered in fur. (AC +1)
Your paws help you pounce on unaware monsters.
You are incapable of wielding weapons or throwing items.
You cannot wear armour.
You gain extra lives every three experience levels.
Your muscles are strong. (Str +2)


Message History

You are frozen.
You resist.
You scratch the endoplasm. You bite the endoplasm.
You kill the endoplasm!
An adder comes into view.
The adder hisses angrily.
You closely miss the adder. The adder misses you. The adder bites you.
You miss the adder. Your claw misses the adder. Your bite misses the adder.
The adder bites you.
You miss the adder. The adder bites you.
You barely miss the adder. Your bite misses the adder.
The adder barely misses you. The adder bites you.
You closely miss the adder. The adder bites you.
* * * LOW HITPOINT WARNING * * *
The adder bites you but does no damage.
Casting: Summon Small Mammal (safe; 3% risk of failure)
Confirm with . or Enter, or press ? or * to list all spells.
The adder misses you.
Your bat misses the adder.
Your bat hits the adder but does no damage. x2
Your bat misses the adder. Your bat hits the adder.
Your bat closely misses the adder.
The adder bites you.
* * * LOW HITPOINT WARNING * * *
It was a potion of mutation.
You feel extremely strange.
You feel stronger.
Your bat closely misses the adder.
The adder bites you but does no damage.
Your bat barely misses the adder.
You scratch the adder.
The adder is moderately wounded.
Your bat barely misses the adder.
The adder closely misses you.
You scratch the adder.
The adder is heavily wounded.
Your bat closely misses the adder.
Your bat hits the adder. The adder barely misses your bat.
You scratch the adder.
The adder is almost dead.
The adder barely misses you.
Your bat closely misses the adder.
The adder bites you.
You die...

#. .........# #.
.........# #..
.........####
#..#####.........##.. #
...................
####.##.#.#.........##.#
.......b............##.#
#######S#.########..##.#
#@#.# #..##.. #.#.#
#......
#.#b########.####.
#.#.##..........#.
#.#.###.####.##.#. #.#.#
#.# #.##.#. #.#.# #.#
#.##.## #.#.# #.#
#.#.... #.#.# #.#
#.#####


You could see an adder (ally target) and a friendly bat (summoned).

Vanquished Creatures
  An adder (D:2)
  3 endoplasms
  A giant cockroach (D:1)
  3 goblins
  A hobgoblin (D:2)
  4 kobolds
  A quokka (D:1)
  2 bats
  A frilled lizard (D:1)
  7 rats
24 creatures vanquished.

Vanquished Creatures (collateral kills)
  A ball python (D:2)
  2 bats (D:1)
  2 endoplasms
  5 goblins
  2 hobgoblins
  3 kobolds
  2 quokkas (D:1)
  2 frilled lizards
  A rat (D:1)
20 creatures vanquished.

Vanquished Creatures (others)
  A frilled lizard (D:2)
1 creature vanquished.

Grand Total: 45 creatures vanquished

Notes
Turn   | Place    | Note
-------+----------+-------------------------------------------
     0 | D:1      | croobank the Felid Summoner began the quest for the Orb.
     0 | D:1      | Reached XP level 1. HP: 7/7 MP: 4/4
   326 | D:1      | You fall into a shaft and drop 1 floor!
   395 | D:2      | Reached XP level 2. HP: 6/11 MP: 3/6
   908 | D:2      | Noticed Terence
   979 | D:2      | Noticed Robin
  1695 | D:1      | Reached XP level 3. HP: 14/14 MP: 8/8
  3608 | D:2      | Reached skill level 1 in Unarmed Combat
  3871 | D:2      | Gained mutation: Your muscles are strong. (Str +2) [potion
                  | of mutation]
  3874 | D:2      | Slain by an adder

Illustrated notes

Levels and vault maps discovered:
D:1:      shiori_arrival_whats_in_store_for_you, layout_basic
D:2:      layout_basic, uniq_robin, uniq_terence
D:3:      layout_loops_ring, worldfamousw_hep_ancestral_shrine, serial_rivers,
          chequers_serial_rivers_micro_d, chequers_serial_rivers_micro_e,
          chequers_serial_rivers_room_b, chequers_serial_rivers_micro_d,
          chequers_serial_rivers_small_a, serial_shops, nicolae_square_shop,
          basic_ecumenical_altar, due_unseen_surprise

Skill      XL: |  1  2  3 |
---------------+----------+-----
Spellcasting   | 3 |  3.0
Unarmed Combat | 1 |  1.0
Dodging        | |  2.9
Stealth        | |  2.9
Summonings     | |  4.5

Action                   || total
-------------------------++-------
Melee: Unarmed           ||   118
       Bite              ||     7
 Cast: Summon Small Mamm ||    48
  Use: Scroll            ||     3
       Potion            ||     2
 Stab: Sleeping          ||     1
Armor: Skin              ||    13
Dodge: Dodged            ||   111

Table legend: (Time is in decaauts)
 A = Elapsed time spent in this place.
 B = Non-inter-level travel time spent in this place.
 C = Inter-level travel time spent in this place.
 D = Time resting spent in this place.
 E = Time spent auto-exploring this place.
 F = Levels seen in this place.
 G = Mean time per level.
                   A        B        C        D        E       F      G
               +--------+--------+--------+--------+--------+-----+--------+
         Total |   3626 |   3610 |     16 |   1290 |   1768 |   3 | 1208.7 |
       Dungeon |   3626 |   3610 |     16 |   1290 |   1768 |   3 | 1208.7 |
               +--------+--------+--------+--------+--------+-----+--------+

Top non-repeatable levels by time:
     D:1: 2133 daAuts
     D:2: 1490 daAuts
     D:3: 1 daAuts
